 Dungeon Crawl Stone Soup version 0.17.1-3-g152610e (webtiles) character file.

7814 inmateoo the Spear-Bearer (level 11, -1/76 HPs)
             Began as an Octopode Gladiator on Feb 21, 2016.
             Was a Priest of Cheibriados.
             Slain by a yak (8 damage)
             ... on level 10 of the Dungeon.
             The game lasted 00:17:57 (11662 turns).

inmateoo the Spear-Bearer (Octopode Gladiator)     Turns: 11662, Time: 00:17:58

Health: -1/76      AC:  9    Str: 23    XL:     11   Next: 21%
Magic:  15/17      EV: 17    Int: 22    God:    Cheibriados [***...]
Gold:   537        SH: 13    Dex: 21    Spells: 0 memorised, 20 levels left

rFire  . . .     SeeInvis .     s - +6 trident (venom)
rCold  + . .     Clarity  .     a - +2 shield
rNeg   . . .     SustAt   .     b - +1 hat
rPois  .         Gourm    .     l - amulet of regeneration
rElec  .         Spirit   .     j - +3 ring of dexterity
rCorr  .         Warding  .     k - ring of protection from cold
rMut   .         Stasis   .     z - +6 ring of protection
MR     .....                    y - ring of invisibility
Stlth  +++.......               x - ring of flight
                                (no ring)
                                (no ring)
                                (no ring)

@: very slightly contaminated, invisible, very slow, not resistant to hostile
enchantments, fairly stealthy
A: almost no armour, amphibious, 8 rings, constrict 8, tentacle spike 1, icy
blue scales 1, camouflage 1, clever 1, clumsy 1, low mp 1, weak 1, gelatinous
body 1, subdued magic 1
a: Bend Time, Temporal Distortion, Renounce Religion, Turn Visible, Evoke Flight


You were on level 10 of the Dungeon.
You worshipped Cheibriados.
Cheibriados was most pleased with you.
You were not hungry.

You visited 2 branches of the dungeon, and saw 11 of its levels.

You collected 767 gold pieces.
You spent 230 gold pieces at shops.

Inventory:

Hand Weapons
 p - a +0 blowgun
 s - a +6 trident of venom (weapon)
Missiles
 g - a throwing net (quivered)
 h - 6 curare-tipped needles
 q - 72 poisoned needles
Armour
 a - a +2 shield (worn)
 b - a +1 hat (worn)
Jewellery
 j - a +3 ring of dexterity (left tentacle)
 k - a ring of protection from cold (right tentacle)
 l - an amulet of regeneration (around mantle)
 x - a ring of flight (on tentacle)
 y - a ring of invisibility (on tentacle)
 z - a +6 ring of protection (on tentacle)
 D - an uncursed amulet of resist corrosion
Wands
 m - a wand of slowing (21)
 o - a wand of flame (22)
 A - a wand of fireball (4)
 B - a wand of cold (10)
 E - a wand of polymorph (11)
 H - a wand of fireball (9)
 I - a wand of fire (8)
Scrolls
 f - 9 scrolls of remove curse
 i - a scroll of fog
 G - a scroll of recharging
Potions
 c - a potion of ambrosia {unknown}
 e - a potion of cure mutation {unknown}
 n - a potion of might {unknown}
 v - 3 potions of flight
 F - a potion of brilliance
Books
 C - a book of Air

   Spells                             Type                      Level
   a - Shock                          Conjuration/Air              1
   b - Swiftness                      Charms/Air                   2
   c - Repel Missiles                 Charms/Air                   2
   d - Static Discharge               Conjuration/Air              3
   e - Lightning Bolt                 Conjuration/Air              5
Comestibles
 d - 10 bread rations
 r - a royal jelly
 t - a slice of pizza
 u - 7 fruits
 w - 2 meat rations


   Skills:
 * Level 7.7 Fighting
 * Level 10.6 Polearms
 - Level 2.0 Throwing
 + Level 7.7 Dodging
 + Level 4.5 Shields
 - Level 5.3 Spellcasting
 * Level 4.9 Evocations


You had 20 spell levels left.
You didn't know any spells.

Dungeon Overview and Level Annotations

Branches:
Dungeon (10/15)            Temple (1/1) D:5            Lair (0/8) D:8
    Orc (0/4) D:10

Altars:
Ashenzari
Cheibriados
Dithmenos
Elyvilon
Fedhas
Gozag
Kikubaaqudgha
Makhleb
Nemelex Xobeh
Okawaru
Qazlal
Ru
Sif Muna
Trog
Vehumet
Xom
Yredelemnul
Zin
The Shining One

Shops:
D:5 ?


Innate Abilities, Weirdness & Mutations

You cannot wear most types of armour.
You are amphibious.
You can wear up to eight rings at the same time.
You can use your tentacles to constrict eight enemies at once.
Your skin changes colour to match your surroundings (Stealth).
Your rubbery body absorbs attacks (AC +1).
One of your tentacles bears a spike.
You are partially covered in icy blue scales (AC +1).
Your mind is acute. (Int +2)
You are clumsy. (Dex -2)
Your magical capacity is low (-10% MP).
You are weak. (Str -2)
Your spells are a little easier to cast, but a little less powerful.


Message History

You fail to use your ability.
The yak closely misses you. The yak closely misses you.
You block the yak's attack.
You fail to use your ability.
You block the yak's attack. The yak closely misses you.
The yak completely misses you.
Unknown command.
Okay, then.
Okay, then.
Unknown command.
You fail to use your ability.
You block the yak's attack. The yak closely misses you. The yak gores you.
* * * LOW HITPOINT WARNING * * *
Unknown command.
You fail to use your ability.
The yak completely misses you. The yak barely misses you.
You block the yak's attack.
Unknown command.
You fade into invisibility!
You are very lightly contaminated with residual magic.
You feel quite a bit more hungry. You block the yak's attack.
The yak barely misses you. The yak gores you!
You die...

#(...). #...... #......
#......
######################......
.5..........................
.$a.........................
..........†.................
..........Y@................
.......<..YY(...............
....?....>..................
............................
######################......
#...... #...... #......
#......


You could see 3 yaks.

Vanquished Creatures
  The ghost of utis the Carver, a novice HOFi of Beogh (D:7)
  An ugly thing (D:9)
  Psyche (D:9)
  Grinder (D:5)
  A deep elf mage (D:10)
  Sigmund (D:6)
  A wyvern (D:9)
  2 yaks (D:10)
  3 hungry ghosts
  A hippogriff (D:8)
  A deep elf fighter (D:5)
  Menkaure (D:6)
  A water moccasin (D:8)
  3 ice beasts
  4 orc warriors
  4 phantoms
  3 ogres
  3 sky beasts
  3 giant frogs
  A wasp (D:10)
  4 centaurs
  Blork the orc (D:4)
  2 big kobolds
  4 gnoll sergeants
  A water moccasin zombie (D:4)
  7 killer bees
  3 scorpions
  A quasit (D:9)
  A wight (D:4)
  A crimson imp (D:9)
  A centaur zombie (D:9)
  A giant frog skeleton (D:6)
  3 giant frog zombies
  5 jellies
  3 iguanas
  A gnoll shaman (D:6)
  2 hounds
  10 orc priests
  7 orc wizards
  8 worker ants
  A worker ant zombie (D:10)
  14 adders
  13 gnolls
  2 shadow imps
  An ooze (D:4)
  2 adder skeletons
  4 worms
  6 giant geckos
  38 orcs
  4 ball pythons
  5 giant cockroaches
  6 goblins
  6 hobgoblins
  2 quokkas
  A ball python skeleton (D:4)
  11 bats
  A giant cockroach zombie (D:6)
  A giant gecko skeleton (D:5)
  3 giant newts (D:1)
  7 jackals
  24 kobolds
  A quokka zombie (D:5)
  7 rats
263 creatures vanquished.

Notes
Turn   | Place    | Note
--------------------------------------------------------------
     0 | D:1      | inmateoo the Octopode Gladiator began the quest for the Orb.
     0 | D:1      | Reached XP level 1. HP: 14/14 MP: 1/1
   241 | D:1      | Reached XP level 2. HP: 19/19 MP: 2/2
   936 | D:1      | Reached XP level 3. HP: 16/24 MP: 3/3
  1789 | D:2      | Reached XP level 4. HP: 30/30 MP: 4/4
  1834 | D:2      | Reached skill level 4 in Polearms
  2385 | D:2      | Reached XP level 5. HP: 31/36 MP: 5/5
  3394 | D:3      | Reached skill level 5 in Polearms
  3394 | D:3      | Reached XP level 6. HP: 30/42 MP: 5/7
  3528 | D:3      | Found an iron altar of Okawaru.
  3533 | D:3      | Found a blossoming altar of Fedhas.
  3533 | D:3      | Found a bloodstained altar of Trog.
  3534 | D:3      | Found a sacrificial altar of Ru.
  3535 | D:3      | Found a shattered altar of Ashenzari.
  3536 | D:3      | Found a radiant altar of Vehumet.
  3537 | D:3      | Found an ancient bone altar of Kikubaaqudgha.
  3638 | D:4      | Found a white marble altar of Elyvilon.
  3650 | D:4      | Reached skill level 1 in Spellcasting
  4377 | D:5      | Entered Level 5 of the Dungeon
  4382 | D:5      | Noticed Blork the orc
  4404 | D:4      | HP: 1/42 [orc warrior/long sword (13)]
  4417 | D:4      | HP: 1/63 [orc warrior/long sword (9)]
  4419 | D:4      | Reached XP level 7. HP: 1/47 MP: 9/9
  4818 | D:5      | Noticed a deep elf fighter
  4845 | D:4      | Reached skill level 6 in Polearms
  5374 | D:4      | Killed Blork the orc
  5568 | D:5      | Reached skill level 5 in Dodging
  5568 | D:5      | Reached XP level 8. HP: 45/54 MP: 12/12
  5803 | D:5      | Noticed Grinder
  5846 | D:5      | Killed Grinder
  5846 | D:5      | Reached skill level 7 in Polearms
  6033 | D:5      | Found Lymmuxt's Magic Scroll Emporium.
  6038 | D:5      | Bought a scroll of enchant weapon for 82 gold pieces
  6038 | D:5      | Bought a scroll of enchant weapon for 82 gold pieces
  6038 | D:5      | Bought a scroll of identify for 22 gold pieces
  6038 | D:5      | Bought a scroll of identify for 22 gold pieces
  6038 | D:5      | Bought a scroll of identify for 22 gold pieces
  6274 | D:5      | Gained mutation: You are partially covered in icy blue scales (AC +1). [potion of mutation]
  6274 | D:5      | Gained mutation: You are clumsy. (Dex -2) [potion of mutation]
  6274 | D:5      | Gained mutation: Your magical capacity is low (-10% MP). [potion of mutation]
  6283 | D:5      | Killed a deep elf fighter
  6283 | D:5      | Reached skill level 5 in Fighting
  6359 | D:5      | Found a staircase to the Ecumenical Temple.
  6619 | D:5      | Found a glowing golden altar of the Shining One.
  6837 | Temple   | Entered the Ecumenical Temple
  6926 | D:6      | Noticed Menkaure
  6945 | D:6      | Killed Menkaure
  7282 | D:6      | Noticed Sigmund
  7292 | D:6      | Killed Sigmund
  7292 | D:6      | Reached skill level 8 in Polearms
  7292 | D:6      | Reached XP level 9. HP: 59/61 MP: 13/13
  8719 | D:7      | Reached skill level 1 in Shields
  9205 | D:7      | Noticed utis's ghost (novice HOFi)
  9225 | D:7      | Killed utis's ghost
  9225 | D:7      | Reached skill level 9 in Polearms
  9225 | D:7      | Reached skill level 5 in Spellcasting
  9225 | D:7      | Reached XP level 10. HP: 69/69 MP: 14/15
  9416 | D:7      | Noticed an angel
  9417 | D:7      | Found a shimmering altar of Xom.
  9418 | D:7      | Found a glowing silver altar of Zin.
  9760 | D:8      | Found a snail-covered altar of Cheibriados.
  9767 | D:8      | Became a worshipper of Cheibriados the Contemplative
  9775 | D:8      | Found a staircase to the Lair.
  9954 | D:8      | Reached skill level 1 in Evocations
 10270 | D:8      | Reached * piety under Cheibriados
 10624 | D:9      | Reached skill level 10 in Polearms
 10627 | D:9      | Reached ** piety under Cheibriados
 11187 | D:9      | Noticed Psyche
 11190 | D:9      | Killed Psyche
 11280 | D:9      | Noticed a green ugly thing
 11293 | D:9      | Killed a green ugly thing
 11293 | D:9      | Reached XP level 11. HP: 60/75 MP: 17/17
 11301 | D:9      | Gained mutation: Your mind is acute. (Int +2) [mutagenic meat]
 11339 | D:10     | Entered Level 10 of the Dungeon
 11372 | D:10     | Found a staircase to the Orcish Mines.
 11406 | D:10     | Reached *** piety under Cheibriados
 11453 | D:10     | Gained mutation: You are weak. (Str -2) [potion of mutation]
 11453 | D:10     | Gained mutation: Your spells are a little easier to cast, but a little less powerful. [potion of mutation]
 11453 | D:10     | Gained mutation: One of your tentacles bears a spike. [potion of mutation]
 11662 | D:10     | Slain by a yak

Action                   |  1- 3 |  4- 6 |  7- 9 | 10-12 || total
-------------------------+-------+-------+-------+-------++-------
Melee: Trident           |    81 |   142 |   259 |   286 ||   768
 Fire: Blowgun           |       |       |       |     1 ||     1
Throw: Throwing net      |       |     6 |     5 |       ||    11
 Abil: Evoke Invisibilit |       |       |       |     1 ||     1
  Use: Scroll            |       |     9 |    13 |     7 ||    29
       Potion            |       |     5 |     9 |     1 ||    15
 Stab: Sleeping          |     6 |    11 |     3 |     9 ||    29
       Distracted        |       |     1 |     2 |       ||     3
       Invisible         |       |     3 |       |       ||     3
  Eat: Chunk             |     3 |     7 |    13 |    14 ||    37
       Beef jerky        |       |     1 |       |       ||     1
       Pizza             |       |       |     1 |       ||     1
       Royal jelly       |       |       |     1 |       ||     1
